 Dungeon Crawl Stone Soup version 0.23.0 (webtiles) character file.

Game seed: 9803237500077096303

515 Flugkiller the Chiller (level 6, -4/45 HPs)
             Began as a Demigod Ice Elementalist on Feb 13, 2019.
             Slain by an ogre
             ... wielding a cursed -3 giant club
              (15 damage)
             ... on level 4 of the Dungeon.
             The game lasted 00:06:07 (3900 turns).

Flugkiller the Chiller (Demigod Ice Elementalist)   Turns: 3900, Time: 00:06:08

Health: -4/45      AC:  2    Str: 11    XL:     6   Next: 67%
Magic:  15/15      EV: 12    Int: 23    God:
Gold:   201        SH:  0    Dex: 16    Spells: 3/13 levels left

rFire    . . .     SeeInvis .   u - +0 dagger (freeze)
rCold    . . .     Gourm    .   (no shield)
rNeg     . . .     Faith    .   a - +0 robe
rPois    .         Spirit   .   (no helmet)
rElec    .         Reflect  .   (no cloak)
rCorr    .         Harm     .   (no gloves)
MR       .....                  (no boots)
Stlth    ++........             (no amulet)
HPRegen  0.15/turn              (no ring)
MPRegen  0.14/turn              (no ring)

@: about to teleport
A: high mp 1
a: no special abilities


You were on level 4 of the Dungeon.
You were not hungry.

You visited 1 branch of the dungeon, and saw 4 of its levels.

You collected 201 gold pieces.

Inventory:

Hand Weapons
 u - a +0 dagger of freezing (weapon)
   (You took it off an orc on level 4 of the Dungeon)
Armour
 a - a +0 robe (worn)
Wands
 n - a wand of polymorph (3)
   (You took it off a kobold on level 2 of the Dungeon)
Scrolls
 b - a scroll of magic mapping
 d - a scroll of fear {unknown}
 e - a scroll of blinking {unknown}
 g - a scroll of random uselessness {unknown}
 h - 6 scrolls of identify {unknown}
 i - a scroll of remove curse {unknown}
 m - a scroll of immolation
 o - a scroll of teleportation
 s - a scroll of fog {unknown}
Potions
 f - 2 potions of resistance {unknown}
 j - a potion of lignification {unknown}
 k - 4 potions of curing {unknown}
 l - 3 potions of brilliance {unknown}
 p - a potion of flight {unknown}
 q - 2 potions of agility {unknown}
 t - a potion of cancellation {unknown}
Comestibles
 c - 7 rations


   Skills:
 - Level 1.7 Dodging
 - Level 1.7 Stealth
 + Level 4.4 Spellcasting
 + Level 2.2 Conjurations
 + Level 5.2 Ice Magic


You had 3 spell levels left.
You knew the following spells:

 Your Spells              Type           Power        Failure   Level  Hunger
a - Freeze                Ice            ####         1%          1    None
b - Throw Frost           Conj/Ice       ###...       3%          2    None
c - Ozocubu's Armour      Chrm/Ice       ###.....     11%         3    ##.....
d - Throw Icicle          Conj/Ice       ###.....     22%         4    ####...

Your spell library contained the following spells:

 Spells                   Type           Power        Failure   Level  Hunger
 Summon Ice Beast         Ice/Summ       ###.....     34%         4    ####...


Dungeon Overview and Level Annotations

Branches:
Dungeon (4/15)
 Temple: D:4-7


Innate Abilities, Weirdness & Mutations

You have an increased reservoir of magic. (+10% MP)


Message History

You feel sick. The ball python completely misses you.
The ball python grabs you. The ball python constricts you.
Casting: Freeze (safe; 1% risk of failure)
Confirm with . or Enter, or press ? or * to list all spells.
Aiming: Freeze (safe; 1% risk of failure)
Press: ? - help, Shift-Dir - straight line, f - ball python
Aim: a ball python (constricting you)
You freeze the ball python.
The ball python is heavily wounded.
The ball python seems to slow down.
Casting: Freeze (safe; 1% risk of failure)
Confirm with . or Enter, or press ? or * to list all spells.
Aiming: Freeze (safe; 1% risk of failure)
Press: ? - help, Shift-Dir - straight line, f/p - ball python
Aim: a ball python (heavily wounded, constricting you, slow)
You freeze the ball python.
You kill the ball python!
You feel sick.
You are no longer poisoned.
Some of the chunks of flesh in your inventory have rotted away.
Casting: Freeze (safe; 1% risk of failure)
Confirm with . or Enter, or press ? or * to list all spells.
Aiming: Freeze (safe; 1% risk of failure)
Press: ? - help, Shift-Dir - straight line, f - ogre
Aim: an ogre, wielding a -3 giant club You freeze the ogre.
The ogre is lightly wounded.
The ogre hits you with a cursed -3 giant club!!
Ouch! That really hurt!
* * * LOW HITPOINT WARNING * * *
The ogre closely misses you.
Some of the chunks of flesh in your inventory have rotted away.
Unknown command.
All of the chunks of flesh in your inventory have rotted away.
A worker ant comes into view.
As you read the scroll labeled WAACAL JUOSUU, it crumbles to dust.
The creatures around you are filled with an inner flame!
It was a scroll of immolation.
Unknown command.
As you read the scroll labeled WEMNIJI BUYPES, it crumbles to dust.
You feel aware of your surroundings.
It was a scroll of magic mapping.
The worker ant twitches its antennae in your direction.
The ogre hits you with a cursed -3 giant club!!
* * * LOW HITPOINT WARNING * * *
The worker ant misses you.
As you read the scroll labeled LAOFOCKOMMA, it crumbles to dust.
You feel strangely unstable.
It was a scroll of teleportation.
The ogre hits you with a cursed -3 giant club!
You die...

#.#.#######
#.#.......##
#...<......#
#########..# #..#
#..# #..#
#####..########
##........a@O..#
#####...##..######.#
#...........# #.#
#.###...###.# #.#
#.# ##.## #.# #.#
#รท# #.# #.## #.#
##.####.####..# #.#
..........###.# #.#
.#.####.#.# #.# #.#


You could see an ogre (inner flame) and a worker ant (inner flame).

Vanquished Creatures
  Sigmund (D:2)
  An ogre (D:4)
  A centaur skeleton (D:4)
  Jessica (D:3)
  Natasha (twice) (D:2)
  A worker ant (D:4)
  8 adders
  4 worms
  A dart slug (D:1)
  A leopard gecko (D:4)
  3 orcs
  A ball python (D:4)
  8 bats
  3 giant cockroaches
  8 goblins
  7 hobgoblins
  6 jackals (D:4)
  9 kobolds
  A quokka (D:3)
  A frilled lizard (D:3)
  6 rats
74 creatures vanquished.

Notes
Turn   | Place    | Note
-------+----------+-------------------------------------------
     0 | D:1      | Flugkiller the Demigod Ice Elementalist began the quest for
                  | the Orb.
     0 | D:1      | Reached XP level 1. HP: 14/14 MP: 5/5
   193 | D:1      | Reached skill level 3 in Ice Magic
   249 | D:1      | Reached XP level 2. HP: 20/20 MP: 2/7
  1025 | D:2      | Reached XP level 3. HP: 16/26 MP: 4/9
  1182 | D:2      | Noticed Natasha
  1190 | D:2      | Learned a level 2 spell: Throw Frost
  1203 | D:2      | Killed Natasha
  1431 | D:2      | Noticed Natasha
  1437 | D:2      | Killed Natasha
  1437 | D:2      | Reached XP level 4. HP: 33/33 MP: 3/11
  1584 | D:2      | Noticed Sigmund
  1605 | D:2      | Killed Sigmund
  1605 | D:2      | Reached skill level 4 in Ice Magic
  1605 | D:2      | Reached XP level 5. HP: 25/38 MP: 2/13
  1868 | D:2      | Found a faded altar of an unknown god.
  2113 | D:2      | Learned a level 3 spell: Ozocubu's Armour
  2118 | D:2      | Learned a level 4 spell: Throw Icicle
  2195 | D:3      | Reached skill level 1 in Conjurations
  2569 | D:3      | Noticed Jessica
  2572 | D:3      | Killed Jessica
  2572 | D:3      | Reached XP level 6. HP: 45/45 MP: 12/15
  3247 | D:4      | Reached skill level 5 in Ice Magic
  3900 | D:4      | Slain by an ogre

Skill      XL: |  1  2  3  4  5  6 |
---------------+-------------------+-----
Spellcasting   | 2 3 4 |  4.4
Ice Magic      | 3 4 5 |  5.2
Conjurations   | 1 2 |  2.2
Dodging        | |  1.7
Stealth        | |  1.7

Action                   |  1- 3 |  4- 6 || total
-------------------------+-------+-------++-------
Melee: Unarmed           |     7 |    18 ||    25
       Dagger            |       |     3 ||     3
 Cast: Freeze            |    54 |    81 ||   135
       Throw Frost       |     4 |    11 ||    15
       Throw Icicle      |       |     3 ||     3
  Use: Scroll            |       |     3 ||     3
  Eat: Chunk             |     2 |     8 ||    10
Armor: Robe              |     6 |    10 ||    16
Dodge: Dodged            |    37 |    54 ||    91
